 Dungeon Crawl Stone Soup version 0.25-a0-1137-g7f6bfe439b (webtiles) character file.

Game seed: 15902641624558530457, levelgen mode: deterministic

352 Lanoc the Vandal (level 6, -6/43 HPs)
             Began as a Halfling Monk on May 23, 2020.
             Was a Priest of the Shining One.
             Killed by divine providence
             ... invoked by an orc priest
              (10 damage)
             ... on level 4 of the Dungeon.
             The game lasted 00:08:34 (4118 turns).

Lanoc the Vandal (Halfling Monk)                    Turns: 4118, Time: 00:08:35

Health: -6/43      AC:  2    Str: 12    XL:     6   Next: 94%
Magic:  0/6        EV: 17    Int: 16    God:    the Shining One [***...]
Gold:   284        SH:  5    Dex: 19    Spells: 5/5 levels left

rFire    + . .     SeeInvis .   b - +0 hunting sling
rCold    . . .     Gourm    .   o - +0 buckler
rNeg     + . .     Faith    .   y - +0 robe "Delieq" {rF+ Int+8}
rPois    .         Spirit   +   (no helmet)
rElec    .         Reflect  .   (no cloak)
rCorr    .         Harm     .   (no gloves)
MR       .....                  (no boots)
Stlth    +.........             f - amulet of guardian spirit
HPRegen  0.14/turn              (no ring)
MPRegen  0.10/turn              (no ring)

@: glowing
A: small, mutation resistance 1
a: Divine Shield, Renounce Religion


You were on level 4 of the Dungeon.
You worshipped the Shining One.
The Shining One was most pleased with you.
You were not hungry.

You visited 1 branch of the dungeon, and saw 4 of its levels.

You collected 284 gold pieces.

Inventory:

Hand Weapons
 a - a +0 falchion
 b - a +0 hunting sling (weapon)
Missiles
 d - 152 stones (quivered)
 k - 31 sling bullets
 n - 5 poisoned darts
Armour
 o - a +0 buckler (worn)
 y - the +0 robe "Delieq" (worn) {rF+ Int+8}
   (You found it on level 4 of the Dungeon)

   It affects your intelligence (+8).
   It protects you from fire.
Jewellery
 f - an amulet of guardian spirit (around neck)
 j - an uncursed amulet of regeneration
Wands
 l - a wand of polymorph (8)
Scrolls
 e - a scroll of identify {unknown}
 g - 4 scrolls of remove curse
 h - 2 scrolls of amnesia {unknown}
 i - a scroll of fog {unknown}
 m - 3 scrolls of teleportation {unknown}
 q - a scroll of magic mapping {unknown}
 r - 2 scrolls of enchant weapon {unknown}
 s - 2 scrolls of immolation {unknown}
 t - 2 scrolls of noise {unknown}
 u - a scroll of random uselessness {unknown}
 w - a scroll of fear {unknown}
Potions
 p - a potion of haste {unknown}
 v - a potion of brilliance {unknown}
Comestibles
 c - 11 rations
 x - 8 chunks of flesh


   Skills:
 + Level 3.9 Fighting
 - Level 3.1 Long Blades
 * Level 5.8 Slings
 + Level 4.8 Dodging
 - Level 2.1 Stealth
 + Level 1.0 Shields
 + Level 0.6 Invocations


You had 5 spell levels left.
You didn't know any spells.
Your spell library was empty.

Dungeon Overview and Level Annotations

Branches:
Dungeon (4/15)
 Temple: D:4-7

Altars:
Fedhas
Gozag
Kikubaaqudgha
The Shining One


Innate Abilities, Weirdness & Mutations

You are small and have problems with some larger weapons.
You are somewhat resistant to further mutation.


Message History

You shoot a stone. The stone hits the orc.
The orc is heavily wounded.
The orc priest mumbles some strange prayers to Beogh against you.
Beogh smites you!
Firing (i - inventory. (/) - cycle)
d - 154 stones (quivered)
Press: ? - help, Shift-Dir - straight line, f/p - orc
Aim: an orc, wielding a +0 club (heavily wounded, haloed)
You shoot a stone. The stone hits the orc.
You kill the orc!
Firing (i - inventory. (/) - cycle)
d - 153 stones (quivered)
Press: ? - help, Shift-Dir - straight line, f - orc priest
Aim: an orc priest (haloed)
You shoot a stone. The stone hits the orc priest.
The orc priest is lightly wounded.
The orc priest calls down the wrath of Beogh upon you.
Beogh smites you!
* * * LOW HITPOINT WARNING * * *
The orc priest calls down the wrath of Beogh upon you.
Beogh smites you!
You die...

#≈≈§≈≈≈§≈≈§≈§≈§≈≈##.....
##≈≈§≈≈§§§≈≈§≈≈≈###.####
##§≈§≈≈≈§§§≈≈≈###..#
##§≈≈≈§≈§≈§≈## #.## #§≈≈
≈≈≈## #.# ### #.# # #######.#
#.#
#####.#o(o.÷..#########.#####
(.(.(..(####@................
..........>..#####..........#
.....##.###### #.........(#
.... ### #..........# ...
#........... ## #..........#
#..........# #..........#
#..........#


You could see 2 orc priests.

Vanquished Creatures
  A vampire bat (D:3)
  A howler monkey (D:4)
  A bullfrog skeleton (D:4)
  A jelly (D:4)
  An orc wizard (D:3)
  An orc priest (D:3)
  A worker ant (D:4)
  3 adders (D:3)
  3 worms
  3 dart slugs
  2 leopard geckos
  18 orcs
  3 bats
  2 bat skeletons (D:3)
  3 bat zombies (D:3)
  4 giant cockroaches
  5 goblins
  4 hobgoblins
  4 kobolds
  2 quokkas
  A ball python (D:4)
  2 frilled lizards
  11 rats
77 creatures vanquished.

Vanquished Creatures (others)
  2 fungi (D:3)
  4 toadstools (D:3)
6 creatures vanquished.

Grand Total: 83 creatures vanquished

Notes
Turn   | Place    | Note
-------+----------+-------------------------------------------
     0 | D:1      | Lanoc the Halfling Monk began the quest for the Orb.
     0 | D:1      | Reached XP level 1. HP: 15/15 MP: 1/1
   165 | D:1      | Reached XP level 2. HP: 17/20 MP: 2/2
   622 | D:1      | Reached skill level 1 in Slings
   852 | D:2      | Reached XP level 3. HP: 23/26 MP: 1/3
  1333 | D:2      | Reached skill level 2 in Slings
  1592 | D:2      | Found an opulent altar of Gozag.
  1687 | D:2      | Found a faded altar of an unknown god.
  1693 | D:2      | Became a worshipper of the Shining One
  1693 | D:2      | Reached * piety under the Shining One
  1693 | D:2      | Reached ** piety under the Shining One
  1812 | D:3      | Reached XP level 4. HP: 18/31 MP: 2/4
  1954 | D:3      | Found a blossoming altar of Fedhas.
  2029 | D:3      | Found an opulent altar of Gozag.
  2100 | D:3      | Reached skill level 3 in Slings
  2192 | D:3      | Reached XP level 5. HP: 13/36 MP: 1/5
  2716 | D:3      | Reached skill level 4 in Slings
  3056 | D:3      | Reached *** piety under the Shining One
  3478 | D:3      | Found an ancient bone altar of Kikubaaqudgha.
  3481 | D:3      | Reached skill level 5 in Slings
  3481 | D:3      | Reached XP level 6. HP: 43/43 MP: 6/6
  3955 | D:4      | Reached skill level 1 in Shields
  3964 | D:4      | Got a slimy robe
  3975 | D:4      | Identified the +0 robe "Delieq" {rF+ Int+8} (You found it
                  | on level 4 of the Dungeon)
  4118 | D:4      | Killed from afar by an orc priest

Illustrated notes

Levels and vault maps discovered:
D:1:      dpeg_arrival_arbitrary_c, layout_rooms
D:2:      layout_loops_ring, lemuel_coloured_pillars_altar,
          chequers_ecumenical_altar_grove, kennysheep_generic_room_10
D:3:      layout_loops_corners, kennysheep_vampire_church,
          overflow_temple_1_default, minmay_gold_behind_fungi, nrook_campfire,
          nicolae_gozag_seed_capital
D:4:      kennysheep_big_flooded_room, layout_rooms, serial_park_tiny_2,
          grunt_decor_arrowhead

Skill      XL: |  1  2  3  4  5  6 |
---------------+-------------------+-----
Fighting       | 3 |  3.9
Slings         | 1 2 3 5 |  5.8
Dodging        | 4 |  4.8
Shields        | 1 |  1.0
Long Blades    | |  3.1
Stealth        | |  2.1
Invocations    | |  0.6

Action                   |  1- 3 |  4- 6 || total
-------------------------+-------+-------++-------
Melee: Falchion          |    21 |       ||    21
 Fire: Hunting sling     |    93 |   189 ||   282
  Use: Scroll            |       |     1 ||     1
       Potion            |       |     1 ||     1
  Eat: Chunk             |     2 |     8 ||    10
Armor: Robe              |     6 |    12 ||    18
Dodge: Dodged            |    35 |    73 ||   108
Block: Buckler           |       |     1 ||     1
       Rpst.: Falchion   |     5 |       ||     5

Table legend:
 A = Non-vault XP
 B = Vault XP
 C = Vault XP percentage of total XP
 D = Non-vault monster count
 E = Vault monster count
 F = Vault count percentage of total count
                 A         B        C        D         E       F
            +---------+---------+-------+---------+---------+-------
      Total |     434 |      70 |  13.9 |      69 |       8 |  10.4
            +---------+---------+-------+---------+---------+-------
        D:1 |      27 |       0 |   0.0 |      16 |       0 |   0.0
        D:2 |      24 |       3 |  11.1 |      10 |       2 |  16.7
        D:3 |     195 |      67 |  25.6 |      33 |       6 |  15.4
        D:4 |     188 |       0 |   0.0 |      10 |       0 |   0.0
            +---------+---------+-------+---------+---------+-------
